PAAA
PORT ROYAL DISASTER @ BAKERSFIELD NOBLES
08/05/2018
 
TOP OF THE 1ST
Port Royal Disaster batting - Pitching for Bakersfield Nobles : RHP Orsino Lippi
Pitching: RHP Orsino Lippi
Batting: LHB Juan Ríos 0-0: Fly out, F8 (Flyball, 8LM)
Batting: RHB Stu Shaw 0-0: Ground out 5-3 (Groundball, 5)
Batting: RHB Michael Riley 0-0: Called Strike
0-1: Hit by Pitch
Batting: RHB Clint Anthony 0-0: Called Strike
0-1: Foul Ball, location: 2F
0-2: Strikes out swinging
Top of the 1st over - 0 run(s), 0 hit(s), 0 error(s), 1 left on base; Port Royal 0 - Bakersfield 0
BOTTOM OF THE 1ST
Bakersfield Nobles batting - Pitching for Port Royal Disaster : RHP Chad Porter
Pitching: RHP Chad Porter
Batting: RHB Bill Sackett 0-0: Called Strike
0-1: SINGLE (Groundball, 34D)
Batting: RHB Bill Wilhelm 0-0: Ball
Wild Pitch!
Bill Sackett to second
1-0: Foul Ball, location: 2F
1-1: Foul Ball, location: 2F
1-2: Ball
2-2: Fly out, F8 (Flyball, 8LM)
Batting: RHB Kyle Bridges 0-0: Ball
1-0: Swinging Strike
1-1: Ball
2-1: Ball
3-1: Called Strike
3-2: SINGLE (Line Drive, 6MD)
Bill Sackett to third
Runner from 3rd tries for Home, SAFE, throw made home
Batting: RHB Zach King 0-0: Ball
1-0: Swinging Strike
1-1: Ball
2-1: Foul Ball, location: 2F
2-2: DOUBLE (Groundball, 5L)
Kyle Bridges to third
Batting: RHB Jack Hatcher 0-0: Swinging Strike
0-1: Ball
1-1: Ball
2-1: Swinging Strike
2-2: Foul Ball, location: 2F
2-2: Foul Ball, location: 2F
2-2: Strikes out swinging
Batting: RHB Takaaki Kobayashi 0-0: Called Strike
0-1: Called Strike
0-2: SINGLE (Groundball, 6MD)
Kyle Bridges scores
Zach King to third
Runner from 3rd tries for Home, SAFE, throw made home
Batting: RHB Lawrence Olsen 0-0: Called Strike
0-1: Swinging Strike
0-2: Ball
1-2: Ball
2-2: Ball
3-2: Foul Ball, location: 2F
3-2: Hit by Pitch
Takaaki Kobayashi to second
Batting: LHB Phil Parkinson 0-0: Called Strike
0-1: Fielders Choice at 2nd, 5-4 (Groundball, 56)
Bottom of the 1st over - 3 run(s), 4 hit(s), 0 error(s), 1 left on base; Port Royal 0 - Bakersfield 3
TOP OF THE 2ND
Port Royal Disaster batting - Pitching for Bakersfield Nobles : RHP Orsino Lippi
Batting: RHB Paul Smith 0-0: Fly out, F4 (Popup, 4)
Batting: LHB Nelson Sanders 0-0: Ball
1-0: Ball
2-0: Ball
3-0: Base on Balls
Batting: LHB George Best 0-0: Called Strike
0-1: Ball
1-1: Called Strike
1-2: Foul Ball, location: 2F
1-2: Ball
2-2: Foul Ball, location: 2F
2-2: SINGLE (Flyball, 78S)
Nelson Sanders to second
Batting: SHB Bob Rogers 0-0: Ball
1-0: Called Strike
1-1: Swinging Strike
1-2: Strikes out swinging
Batting: RHB Ángel Bruno 0-0: Foul Ball, location: 2F
0-1: Called Strike
0-2: Ball
1-2: Foul Ball, location: 2F
1-2: Fly out, F8 (Line Drive, 8RM)
Top of the 2nd over - 0 run(s), 1 hit(s), 0 error(s), 2 left on base; Port Royal 0 - Bakersfield 3
BOTTOM OF THE 2ND
Bakersfield Nobles batting - Pitching for Port Royal Disaster : RHP Chad Porter
Batting: RHB Ron Gérard 0-0: Swinging Strike
0-1: Fly out, F9 (Flyball, 9M)
Batting: RHB Bill Sackett 0-0: Ball
1-0: Ball
2-0: Fly out, F4 (Popup, 4)
Batting: RHB Bill Wilhelm 0-0: Ball
1-0: Ground out 5-3 (Groundball, 5L)
Bottom of the 2nd over - 0 run(s), 0 hit(s), 0 error(s), 0 left on base; Port Royal 0 - Bakersfield 3
TOP OF THE 3RD
Port Royal Disaster batting - Pitching for Bakersfield Nobles : RHP Orsino Lippi
Batting: LHB Juan Ríos 0-0: Foul Ball, location: 2F
0-1: Ball
1-1: Reached on error, E4 (Groundball, 34)
Batting: RHB Stu Shaw 0-0: Ball
Passed Ball!
Juan Ríos to second
1-0: Called Strike
1-1: Called Strike
1-2: Fly out, F9 (Flyball, 9LM)
Batting: RHB Michael Riley 0-0: Ball
1-0: Swinging Strike
1-1: Foul Ball, location: 2F
1-2: Strikes out swinging
Batting: RHB Clint Anthony 0-0: Called Strike
0-1: Ground out 6-3 (Groundball, 6)
Top of the 3rd over - 0 run(s), 0 hit(s), 1 error(s), 1 left on base; Port Royal 0 - Bakersfield 3
BOTTOM OF THE 3RD
Bakersfield Nobles batting - Pitching for Port Royal Disaster : RHP Chad Porter
Batting: RHB Kyle Bridges 0-0: Called Strike
0-1: Ball
1-1: Ground out 6-3 (Groundball, 6M)
Batting: RHB Zach King 0-0: Foul Ball, location: 2F
0-1: Ball
1-1: Ball
2-1: Ball
3-1: SINGLE (Flyball, 7S)
Batting: RHB Jack Hatcher 0-0: Ball
1-0: Fly out, F6 (Line Drive, 6M)
Batting: RHB Takaaki Kobayashi 0-0: Foul Ball, location: 2F
0-1: Ball
1-1: Called Strike
1-2: Ball
2-2: Ball
3-2: Strikes out looking
Bottom of the 3rd over - 0 run(s), 1 hit(s), 0 error(s), 1 left on base; Port Royal 0 - Bakersfield 3
TOP OF THE 4TH
Port Royal Disaster batting - Pitching for Bakersfield Nobles : RHP Orsino Lippi
Batting: RHB Paul Smith 0-0: Ball
1-0: Swinging Strike
1-1: Fly out, F7 (Line Drive, 78M)
Batting: LHB Nelson Sanders 0-0: Swinging Strike
0-1: Ground out 1-3 (Groundball, 15)
Batting: LHB George Best 0-0: Ball
1-0: Ball
2-0: SINGLE (Groundball, 34D)
Batting: SHB Bob Rogers 0-0: Fielders Choice at 2nd, U4 (Groundball, 4M)
Top of the 4th over - 0 run(s), 1 hit(s), 0 error(s), 1 left on base; Port Royal 0 - Bakersfield 3
BOTTOM OF THE 4TH
Bakersfield Nobles batting - Pitching for Port Royal Disaster : RHP Chad Porter
Batting: RHB Lawrence Olsen 0-0: Ball
1-0: Ball
2-0: Ball
3-0: Base on Balls
Batting: LHB Phil Parkinson 0-0: Ball
Single, Error in OF, E7, batter to second base
Lawrence Olsen to third
Batting: RHB Ron Gérard 0-0: Ball
1-0: Called Strike
1-1: Fly out, F8 (Flyball, 8RM)
Runner from 3rd tags up, SCORES, throw made
Batting: RHB Bill Sackett 0-0: Ball
1-0: Foul Ball, location: 2F
1-1: Ball
2-1: Fly out, F7 (Flyball, 7M)
Batting: RHB Bill Wilhelm 0-0: Ball
1-0: Foul Ball, location: 2F
1-1: Ball
2-1: Ball
3-1: Ground out 6-3 (Groundball, 6S)
Bottom of the 4th over - 1 run(s), 1 hit(s), 1 error(s), 1 left on base; Port Royal 0 - Bakersfield 4
TOP OF THE 5TH
Port Royal Disaster batting - Pitching for Bakersfield Nobles : RHP Orsino Lippi
Batting: RHB Ángel Bruno 0-0: DOUBLE (Line Drive, 3D)
Batting: LHB Juan Ríos 0-0: Ball
1-0: Called Strike
1-1: Ball
2-1: Fly out, F7 (Popup, 78S)
Batting: RHB Stu Shaw 0-0: Called Strike
0-1: SINGLE (Line Drive, 3)
Ángel Bruno to third
Runner from 3rd tries for Home, SAFE, no throw or cutoff
Batting: RHB Michael Riley 0-0: Ball
1-0: Ball
2-0: Called Strike
2-1: Swinging Strike
2-2: Foul Ball, location: 2F
2-2: Foul Ball, location: 2F
2-2: Strikes out swinging
Batting: RHB Clint Anthony 0-0: Ball
Throwing error on steal attempt, E2
Stu Shaw to third
1-0: Swinging Strike
1-1: Called Strike
1-2: Strikes out looking
Top of the 5th over - 1 run(s), 2 hit(s), 1 error(s), 1 left on base; Port Royal 1 - Bakersfield 4
BOTTOM OF THE 5TH
Bakersfield Nobles batting - Pitching for Port Royal Disaster : RHP Chad Porter
Batting: RHB Kyle Bridges 0-0: Ball
1-0: Foul Ball, location: 2F
1-1: Foul Ball, location: 2F
1-2: Foul Ball, location: 2F
1-2: Foul Ball, location: 2F
1-2: SOLO HOME RUN (Flyball, 8LXD), Distance : 434 ft
Batting: RHB Zach King 0-0: Ball
1-0: Ball
2-0: Ball
3-0: Base on Balls
Pitching: LHP Jorge Velázquez
Batting: RHB Jack Hatcher 0-0: Called Strike
0-1: Swinging Strike
0-2: Ball
1-2: Foul Ball, location: 2F
1-2: Ball
2-2: Fielders Choice at 2nd, 1-4 (Groundball, 23)
Batting: RHB Takaaki Kobayashi 0-0: Swinging Strike
0-1: Foul Ball, location: 2F
0-2: Ball
1-2: Strikes out swinging
Batting: RHB Lawrence Olsen 0-0: Ball
1-0: Foul Ball, location: 2F
1-1: Ball
2-1: Swinging Strike
2-2: Foul Ball, location: 2F
2-2: Strikes out swinging
Bottom of the 5th over - 1 run(s), 1 hit(s), 0 error(s), 1 left on base; Port Royal 1 - Bakersfield 5
TOP OF THE 6TH
Port Royal Disaster batting - Pitching for Bakersfield Nobles : RHP Orsino Lippi
Batting: RHB Paul Smith 0-0: Ball
1-0: Foul Ball, location: 2F
1-1: Called Strike
1-2: DOUBLE (Line Drive, 78M)
Batting: LHB Nelson Sanders 0-0: Ball
1-0: Ball
2-0: Ball
3-0: Base on Balls
Batting: LHB George Best 0-0: Fly out, F8 (Flyball, 78D)
Batting: SHB Bob Rogers 0-0: Called Strike
0-1: Swinging Strike
0-2: Strikes out swinging
Batting: RHB Ángel Bruno 0-0: Ball
1-0: Called Strike
1-1: Fly out, F8 (Line Drive, 8RM)
Top of the 6th over - 0 run(s), 1 hit(s), 0 error(s), 2 left on base; Port Royal 1 - Bakersfield 5
BOTTOM OF THE 6TH
Bakersfield Nobles batting - Pitching for Port Royal Disaster : LHP Jorge Velázquez
Batting: LHB Phil Parkinson 0-0: Ball
1-0: Foul Ball, location: 2F
1-1: Foul Ball, location: 2F
1-2: Ball
2-2: Fly out, F8 (Flyball, 8RM)
Batting: RHB Ron Gérard 0-0: Ball
1-0: Called Strike
1-1: Ball
2-1: Ball
3-1: Swinging Strike
3-2: Strikes out swinging
Batting: RHB Bill Sackett 0-0: Ball
1-0: Ball
2-0: Ball
3-0: Called Strike
3-1: Base on Balls
Batting: RHB Bill Wilhelm 0-0: Ball
1-0: Called Strike
1-1: Ball
2-1: Foul Ball, location: 2F
2-2: Ball
3-2: Foul Ball, location: 2F
3-2: Fly out, F7 (Flyball, 7M)
Bottom of the 6th over - 0 run(s), 0 hit(s), 0 error(s), 1 left on base; Port Royal 1 - Bakersfield 5
TOP OF THE 7TH
Port Royal Disaster batting - Pitching for Bakersfield Nobles : RHP Orsino Lippi
Batting: LHB Juan Ríos 0-0: Ball
1-0: Called Strike
1-1: Ball
2-1: SINGLE (Groundball, 56D)
Batting: RHB Stu Shaw 0-0: Called Strike
0-1: Foul Ball, location: 2F
0-2: Grounds into double play, 4-6-3 (Groundball, 4)
Batting: RHB Michael Riley 0-0: Ball
1-0: Called Strike
1-1: Ball
2-1: Foul Ball, location: 2F
2-2: Foul Ball, location: 2F
2-2: Strikes out looking
Top of the 7th over - 0 run(s), 1 hit(s), 0 error(s), 0 left on base; Port Royal 1 - Bakersfield 5
BOTTOM OF THE 7TH
Bakersfield Nobles batting - Pitching for Port Royal Disaster : LHP Jorge Velázquez
Pitching: LHP Zach Brown
Batting: RHB Kyle Bridges 0-0: Ball
1-0: Ball
2-0: Ball
3-0: Called Strike
3-1: Swinging Strike
3-2: Ground out 6-3 (Groundball, 56)
Batting: RHB Zach King 0-0: Called Strike
0-1: SOLO HOME RUN (Flyball, 7LD), Distance : 346 ft
Batting: RHB Jack Hatcher 0-0: Called Strike
0-1: Ball
1-1: Swinging Strike
1-2: Ball
2-2: SINGLE (Groundball, 25) (infield hit)
Batting: RHB Takaaki Kobayashi 0-0: Ball
1-0: Ball
2-0: Called Strike
2-1: Ball
3-1: Base on Balls
Jack Hatcher to second
Batting: RHB Lawrence Olsen 0-0: Ball
1-0: Swinging Strike
1-1: Ball
2-1: Swinging Strike
2-2: Ball
3-2: Foul Ball, location: 2F
3-2: Fly out, F7 (Line Drive, 7S)
Batting: LHB Phil Parkinson 0-0: Swinging Strike
0-1: Fly out, F5 (Popup, 5F)
Bottom of the 7th over - 1 run(s), 2 hit(s), 0 error(s), 2 left on base; Port Royal 1 - Bakersfield 6
TOP OF THE 8TH
Port Royal Disaster batting - Pitching for Bakersfield Nobles : RHP Orsino Lippi
Batting: RHB Clint Anthony 0-0: Ball
1-0: Ball
2-0: SINGLE (Line Drive, 4D)
Batting: RHB Paul Smith 0-0: Foul Ball, location: 2F
0-1: Ball
1-1: Ball
2-1: Ball
3-1: Foul Ball, location: 2F
3-2: 2-RUN HOME RUN (Flyball, 8LD), Distance : 436 ft
Pitching: RHP Jim Unknown
Batting: LHB Nelson Sanders 0-0: Foul Ball, location: 2F
0-1: Ball
1-1: Ball
2-1: SINGLE (Line Drive, 8RS)
Batting: LHB George Best 0-0: Ball
1-0: Swinging Strike
1-1: Called Strike
1-2: 2-RUN HOME RUN (Flyball, 8RXD), Distance : 440 ft
Pitching: LHP Jim Unknown
Batting: SHB Bob Rogers 0-0: Ball
1-0: Fly out, F8 (Flyball, 8RM)
Pitching: RHP Aaron Greene
Batting: RHB Ángel Bruno 0-0: Called Strike
0-1: Ball
1-1: Ball
2-1: Fly out, F9 (Flyball, 9S)
Pitching: RHP Jon Aris
Batting: LHB Juan Ríos 0-0: Ball
1-0: Called Strike
1-1: Ball
2-1: Foul Ball, location: 2F
2-2: Ball
3-2: Foul Ball, location: 2F
3-2: Strikes out swinging
Top of the 8th over - 4 run(s), 4 hit(s), 0 error(s), 0 left on base; Port Royal 5 - Bakersfield 6
BOTTOM OF THE 8TH
Bakersfield Nobles batting - Pitching for Port Royal Disaster : LHP Zach Brown
Batting: RHB Ron Gérard 0-0: Ball
1-0: Foul Ball, location: 2F
1-1: Ball
2-1: Ground out 5-3 (Groundball, 56)
Batting: RHB Bill Sackett 0-0: Reached on error, E4 (Groundball, 4)
Batting: RHB Bill Wilhelm 0-0: Ball
1-0: Called Strike
1-1: Ball
2-1: DOUBLE (Line Drive, 5D)
Bill Sackett to third
Batting: RHB Kyle Bridges 0-0: Ball
1-0: Ball
2-0: Called Strike
2-1: Called Strike
2-2: Strikes out swinging
Batting: RHB Zach King 0-0: Ball
1-0: Foul Ball, location: 2F
1-1: Swinging Strike
1-2: Ground out 6-3 (Groundball, 6)
Bottom of the 8th over - 0 run(s), 1 hit(s), 1 error(s), 2 left on base; Port Royal 5 - Bakersfield 6
TOP OF THE 9TH
Port Royal Disaster batting - Pitching for Bakersfield Nobles : RHP Jon Aris
Pitching: LHP Gerardo Márquez
Batting: RHB Stu Shaw 0-0: Fly out, F4 (Popup, 4)
Batting: RHB Michael Riley 0-0: Ball
1-0: Ball
2-0: Ball
3-0: Called Strike
3-1: Base on Balls
Batting: RHB Clint Anthony 0-0: Foul Ball, location: 2F
0-1: Swinging Strike
0-2: Strikes out swinging
Batting: RHB Paul Smith 0-0: Ball
1-0: Swinging Strike
1-1: Swinging Strike
1-2: Strikes out swinging
Top of the 9th over - 0 run(s), 0 hit(s), 0 error(s), 1 left on base; Port Royal 5 - Bakersfield 6
This league is powered by Out of the Park Baseball, the baseball management simulation game for PC, Mac and Linux
Monday, May 4th, 2015 - OOTP Baseball 15.6 Build 34